 Dungeon Crawl Stone Soup version 0.23.2-1-ga50397a6bc (webtiles) character file.

Game seed: 17800935930302982690

624 Gingko the Chopper (level 7, -8/41 HPs)
             Began as a Gargoyle Fighter on May 23, 2019.
             Mangled by a gnoll
             ... wielding a +0 halberd
              (12 damage)
             ... on level 4 of the Dungeon.
             The game lasted 00:12:42 (3878 turns).

Gingko the Chopper (Gargoyle Fighter)               Turns: 3878, Time: 00:12:42

Health: -8/41      AC: 11    Str: 26    XL:     7   Next: 47%
Magic:  7/7        EV:  7    Int:  9    God:
Gold:   162        SH:  0    Dex:  9    Spells: 6/6 levels left

rFire    . . .     SeeInvis .   a - +0 war axe
rCold    . . .     Gourm    .   c - +0 shield
rNeg     + . .     Faith    .   b - +0 scale mail
rPois    ∞         Spirit   .   (no helmet)
rElec    +         Reflect  .   (no cloak)
rCorr    .         Harm     .   (no gloves)
MR       .....                  (no boots)
Stlth    ..........             (no amulet)
HPRegen  0.13/turn              (no ring)
MPRegen  0.10/turn              (no ring)

@: confused, mighty
A: negative energy resistance 1, electricity resistance, unbreathing,
petrification resistance, rot immunity, AC +4
a: no special abilities


You were on level 4 of the Dungeon.
You were not hungry.

You visited 1 branch of the dungeon, and saw 4 of its levels.
You also visited: Sewer.

You collected 162 gold pieces.

Inventory:

Hand Weapons
 a - a +0 war axe (weapon)
Missiles
 t - 3 tomahawks of dispersal (quivered)
Armour
 b - a +0 scale mail (worn)
 c - a +0 shield (worn)
Scrolls
 g - a scroll of teleportation
 h - 3 scrolls of identify
 i - 3 scrolls of blinking {unknown}
 j - a scroll of fog {unknown}
 o - 3 scrolls of fear {unknown}
 p - a scroll of enchant armour {unknown}
 q - 2 scrolls of enchant weapon {unknown}
 r - a scroll of immolation {unknown}
 s - 2 scrolls of remove curse {unknown}
Potions
 e - 3 potions of haste {unknown}
 k - a potion of heal wounds {unknown}
 l - 3 potions of curing
 m - 2 potions of lignification {unknown}
 n - 4 potions of flight
Comestibles
 f - 6 rations


   Skills:
 - Level 3.2 Fighting
 + Level 7.4 Axes
 - Level 3.2 Armour
 - Level 3.2 Shields


You had 6 spell levels left.
You didn't know any spells.
Your spell library was empty.

Dungeon Overview and Level Annotations

Branches:
Dungeon (4/15)
 Temple: D:4-7

Altars:
Dithmenos


Innate Abilities, Weirdness & Mutations

You are resistant to torment.
Your stone body is resilient. (AC +4)
You are immune to poison.
You resist negative energy. (rN+)
You are resistant to electric shocks. (rElec)
You can survive without breathing.
You are immune to petrification.
You are immune to rotting.


Message History

The gnoll hits you but does no damage.
You slash the gnoll shaman!
The gnoll shaman is severely wounded.
You block the gnoll shaman's attack. The gnoll closely misses you.
The gnoll shaman calls down the wrath of its god upon you.
You resist with some effort.
Your shield prevents you from hitting the gnoll shaman.
The gnoll shaman is severely wounded.
You block the gnoll shaman's attack. You block the gnoll's attack.
You closely miss the gnoll shaman.
The gnoll shaman is severely wounded.
The gnoll shaman zaps a wand.
Your will is overpowered!
You are confused.
The gnoll hits you from afar with a +0 halberd!
* * * LOW HITPOINT WARNING * * *
Your shield and scale mail prevent you from hitting the gnoll shaman.
The gnoll shaman is severely wounded.
The gnoll shaman barely misses you.
The gnoll hits you from afar with a +0 halberd!
You die...

.. #...........#
..
#...............
##
######....#......
#...........#
#...#.......#
#####.......#
######.......#
#.....# .....#
#(...@# .....##
##....g##.......
#.....g.).......
#.####..§####...
#. ##§§.§§#
#.##§§§§§§§##
#.#..§§...§§##
#..§.§§.......
#.§§.§§_...§..


You could see a gnoll shaman and a gnoll.

Vanquished Creatures
  4 big kobolds (Sewer)
  An orc wizard (D:3)
  A worker ant (D:4)
  11 adders
  9 gnolls
  A river rat (Sewer)
  An ooze (D:3)
  6 worms
  3 leopard geckos
  10 orcs (D:3)
  3 ball pythons (Sewer)
  10 goblins
  4 hobgoblins
  A quokka (D:3)
  4 bats
  4 frilled lizards
  10 kobolds
  2 leopard gecko skeletons (D:4)
  7 rats
  A plant (D:2)
93 creatures vanquished.

Notes
Turn   | Place    | Note
-------+----------+-------------------------------------------
     0 | D:1      | Gingko the Gargoyle Fighter began the quest for the Orb.
     0 | D:1      | Reached XP level 1. HP: 14/14 MP: 1/1
   117 | D:1      | Reached skill level 2 in Axes
   488 | D:2      | Reached XP level 2. HP: 19/19 MP: 2/2
   981 | D:2      | Reached skill level 3 in Axes
   981 | D:2      | Reached XP level 3. HP: 14/23 MP: 3/3
  1519 | D:3      | Reached XP level 4. HP: 28/28 MP: 4/4
  1630 | D:3      | Reached skill level 4 in Axes
  1799 | D:3      | Reached XP level 5. HP: 10/32 MP: 5/5
  1826 | D:3      | Reached skill level 5 in Axes
  2614 | D:4      | Found a glowing drain.
  2631 | Sewer    | Entered a sewer
  2642 | Sewer    | Reached XP level 6. HP: 35/37 MP: 6/6
  3087 | Sewer    | Reached skill level 6 in Axes
  3201 | Sewer    | Reached XP level 7. HP: 31/41 MP: 7/7
  3378 | Sewer    | Reached skill level 7 in Axes
  3848 | D:4      | Found a shadowy altar of Dithmenos.
  3878 | D:4      | Mangled by a gnoll

Skill      XL: |  1  2  3  4  5  6  7 |
---------------+----------------------+-----
Axes           | 2 3 4 5 6 7 |  7.4
Fighting       | |  3.2
Armour         | |  3.2
Shields        | |  3.2

Action                   |  1- 3 |  4- 6 |  7- 9 || total
-------------------------+-------+-------+-------++-------
Melee: War axe           |   143 |   282 |    47 ||   472
  Use: Potion            |       |     2 |     2 ||     4
       Scroll            |       |       |     3 ||     3
  Eat: Chunk             |     2 |     6 |       ||     8
       Ration            |       |       |     1 ||     1
Armor: Scale mail        |    57 |   164 |    20 ||   241
Dodge: Dodged            |    38 |    77 |    16 ||   131
Block: Shield            |    64 |   131 |    31 ||   226
